 Dungeon Crawl Stone Soup version 0.23-a0-405-g368ce00 (webtiles) character file.

9879 EvilAliv3 the Destroyer (level 11, -5/69 HPs)
             Began as a Gargoyle Conjurer on Nov 4, 2018.
             Was an Elder of Vehumet.
             Killed from afar by a deep elf mage (37 damage)
             ... with a stone arrow
             ... on level 10 of the Dungeon on Nov 6, 2018.
             The game lasted 01:26:27 (10102 turns).

EvilAliv3 the Destroyer (Gargoyle Conjurer)        Turns: 10102, Time: 01:26:28

Health: -5/69      AC: 23    Str: 17    XL:     11   Next: 53%
Magic:  25/41      EV:  9    Int: 23    God:    Vehumet [****..]
Gold:   270        SH:  0    Dex: 10    Spells: 18/25 levels left

rFire    . . .     SeeInvis .   a - +6 scimitar of the Blind Eye {slice, MR+ Stlth+}
rCold    . . .     Gourm    .   (no shield)
rNeg     + . .     Faith    .   k - +0 chain mail
rPois    ∞         Spirit   .   I - +3 hat of Pondering {ponderous, MR+ MP+10 Int+5}
rElec    +         Reflect  .   (no cloak)
rCorr    .         Harm     .   e - +1 pair of gloves
MR       ++...                  (no boots)
Stlth    ..........             (no amulet)
HPRegen  0.21/turn              u - ring of magical power
MPRegen  0.27/turn              H - +4 ring of strength

@: slow
A: negative energy resistance 1, electricity resistance, unbreathing,
petrification resistance, rot immunity, AC +8
a: Renounce Religion


You were on level 10 of the Dungeon.
You worshipped Vehumet.
Vehumet was greatly pleased with you.
You were hungry.

You visited 1 branch of the dungeon, and saw 11 of its levels.
You also visited: Sewer.

You collected 777 gold pieces.
You spent 507 gold pieces at shops.

Inventory:

Hand Weapons
 a - the +6 scimitar of the Blind Eye (weapon) {slice, MR+ Stlth+}
   (You bought it in a shop on level 8 of the Dungeon)

   It inflicts extra damage upon your enemies.
   It affects your resistance to hostile enchantments.
   It makes you more stealthy.
 b - a +0 whip of pain
Armour
 e - a +1 pair of gloves (worn)
 k - a +0 chain mail (worn)
 I - the +3 hat of Pondering (worn) {ponderous, MR+ MP+10 Int+5}
   (You took it off Gastronok on level 9 of the Dungeon)

   It affects your intelligence (+5).
   It affects your resistance to hostile enchantments.
   It affects your magic capacity (+10).
 J - a +0 plate armour
Jewellery
 i - an uncursed ring of flight
 l - an uncursed ring of positive energy
 s - an uncursed ring of protection from cold
 u - a ring of magical power (left hand)
 H - a +4 ring of strength (right hand)
 K - an uncursed ring of resist corrosion
Scrolls
 d - 16 scrolls of remove curse
 g - 4 scrolls of fog
 m - a scroll of amnesia
 o - 2 scrolls of enchant armour
 r - 4 scrolls of teleportation
 x - a scroll of fear
 z - 2 scrolls of magic mapping
 A - a scroll of blinking {unknown}
 D - a scroll of noise {unknown}
 G - 2 scrolls of enchant weapon
Potions
 f - 3 potions of cancellation
 h - a potion of brilliance {unknown}
 j - 5 potions of might
 n - 3 potions of haste
 p - a potion of degeneration {unknown}
 q - 2 potions of heal wounds
 t - 5 potions of magic
 w - 5 potions of curing
 y - a potion of resistance
 B - a potion of flight {unknown}
 C - 2 potions of agility
 E - a potion of mutation
 F - a potion of invisibility
Comestibles
 c - 16 rations
 v - a chunk of flesh


   Skills:
 + Level 8.7 Fighting
 + Level 6.1 Armour
 - Level 5.0 Dodging
 - Level 2.1 Stealth
 + Level 7.8 Spellcasting
 - Level 12.0 Conjurations
 + Level 2.8 Hexes


You had 18 spell levels left.
You knew the following spells:

 Your Spells              Type           Power        Failure   Level  Hunger
a - Magic Dart            Conj           ####         1%          1    None
b - Searing Ray           Conj           ######       1%          2    None
c - Fulminant Prism       Conj/Hex       #####.....   11%         4    ###....

Your spell library contained the following spells:

 Spells                   Type           Power        Failure   Level  Hunger
 Venom Bolt               Conj/Pois      #####.....   45%         5    #####..
 Iskenderun's Mystic Bla  Conj           ######..     1%          4    ###....
 Dazzling Spray           Conj/Hex       #####.       3%          3    None
 Force Lance              Conj/Tloc      #####...     19%         4    ###....
 Confusing Touch          Hex            ###...       26%         1    None
 Confuse                  Hex            ###.....     63%         3    None
 Animate Skeleton         Necr           N/A          65%         1    None
 Pain                     Necr           #...         65%         1    None
 Gell's Gravitas          Tloc           #.........   95%         3    None
 Regeneration             Chrm/Necr      #.........   95%         3    None
 Vampiric Draining        Necr           #.........   95%         3    None
 Yara's Violent Unravell  Hex/Tmut       ###.......   95%         5    #####..
 Animate Dead             Necr           N/A          100%        4    ###....
 Petrify                  Tmut/Erth      #.......     100%        4    ###....
 Metabolic Englaciation   Hex/Ice        ###.......   100%        5    #####..


Dungeon Overview and Level Annotations

Branches:
Dungeon (11/15)            Temple (0/1) D:6            Lair (0/6) D:10
    Orc: D:9-12

Altars:
Ashenzari
Elyvilon
Fedhas
Okawaru
Ru
Vehumet
Zin
The Shining One

Shops:
D:5 :   D:8 (   D:10 *}}[!

Annotations:
D:9 Erolcha


Innate Abilities, Weirdness & Mutations

You are resistant to torment.
Your stone body is resilient. (AC +8)
You are immune to poison.
You resist negative energy. (rN+)
You are resistant to electric shocks. (rElec)
You can survive without breathing.
You are immune to petrification.
You are immune to rotting.


Message History

The yak gores you.
Casting: Fulminant Prism (safe; 11% risk of failure)
Confirm with . or Enter, or press ? or * to list all spells.
Aiming: Fulminant Prism (safe; 11% risk of failure)
Press: ? - help, Dir - move target cursor You conjure a prism of explosive energy!
The deep elf mage gestures wildly while chanting.
The deep elf mage blinks!
The yak barely misses you.
Your fulminant prism crackles loudly.
Casting: Fulminant Prism (safe; 11% risk of failure)
Confirm with . or Enter, or press ? or * to list all spells.
Aiming: Magic Dart (safe; 1% risk of failure)
Press: ? - help, Shift-Dir - straight line, f - deep elf mage
Aim: a deep elf mage, wielding a +0 long sword (moderately wounded)
The magic dart hits the deep elf mage.
The deep elf mage is moderately wounded.
The deep elf mage gestures at you while chanting.
The stone arrow hits you!
Ouch! That really hurt!
You die...

.........####......#
##.#####........^..#
##.# ######......# #..#
#......# #.## ######.##
#.# #......# #.#
##+########## #.#
#......§....#
#'#########.....@Y.*..#
......##<.'...........#
......#..##..e........#
......'.###.^.........#
>.....### #...........#
##'#### #...........#
#...#### #...........#
###....# #########'###
#######'## #....#


You could see a deep elf mage, a yak and a friendly fulminant prism.

Vanquished Creatures
  Gastronok (D:9)
  A deep elf mage (D:10)
  Joseph (D:7)
  Psyche (D:8)
  A kobold demonologist (D:11)
  Grinder (D:4)
  2 hippogriffs
  19 yaks
  A hungry ghost (D:8)
  2 porcupines (D:10)
  2 ice beasts
  2 orc warriors
  4 sky beasts
  2 ogres
  A centaur (D:6)
  A wyvern zombie (D:10)
  6 bullfrogs
  3 scorpions
  3 killer bees (D:9)
  3 wights (D:9)
  3 howler monkeys
  4 crimson imps
  A bullfrog zombie (D:5)
  4 orc priests
  3 jellies
  2 quasits
  2 bullfrog skeletons (D:6)
  4 hounds
  3 centaur skeletons
  3 iguanas
  12 orc wizards
  4 worker ants
  A killer bee zombie (D:6)
  3 hound zombies
  2 river rats
  16 adders
  A shadow imp (D:3)
  4 oozes
  An adder zombie (D:10)
  2 worms
  A dart slug (D:1)
  6 leopard geckos
  35 orcs
  14 ball pythons
  4 bats
  8 giant cockroaches
  10 goblins
  7 hobgoblins
  17 jackals
  5 quokkas
  8 frilled lizards
  A jackal skeleton (D:5)
  4 kobolds
  A leopard gecko zombie (D:7)
  33 rats
  A fungus (D:10)
287 creatures vanquished.

Vanquished Creatures (others)
  An orc wizard (D:6)
  11 fulminant prisms
  A fungus (D:10)
13 creatures vanquished.

Grand Total: 300 creatures vanquished

Notes
Turn   | Place    | Note
-------+----------+-------------------------------------------
     0 | D:1      | EvilAliv3 the Gargoyle Conjurer began the quest for the
                  | Orb.
     0 | D:1      | Reached XP level 1. HP: 10/10 MP: 3/3
     0 | D:1      | Upgraded the game from 0.23-a0-402-g64599a1 to
                  | 0.23-a0-405-g368ce00
   224 | D:1      | Reached XP level 2. HP: 12/16 MP: 3/5
   508 | D:1      | Reached skill level 1 in Fighting
   550 | D:1      | Reached XP level 3. HP: 18/20 MP: 4/6
  1324 | D:2      | Learned a level 2 spell: Searing Ray
  1327 | D:2      | Reached XP level 4. HP: 25/25 MP: 1/8
  1384 | D:2      | Found a glowing golden altar of the Shining One.
  1928 | D:3      | Reached skill level 5 in Conjurations
  1975 | D:3      | Reached XP level 5. HP: 30/30 MP: 2/9
  2120 | D:3      | Found a sacrificial altar of Ru.
  2498 | D:4      | Noticed Grinder
  2582 | D:4      | Found a white marble altar of Elyvilon.
  2584 | D:4      | Found a blossoming altar of Fedhas.
  2692 | D:4      | Reached XP level 6. HP: 30/36 MP: 8/11
  2797 | D:4      | Found a radiant altar of Vehumet.
  2799 | D:4      | Became a worshipper of Vehumet
  3086 | D:4      | Reached skill level 6 in Conjurations
  3270 | D:4      | Reached XP level 7. HP: 41/41 MP: 6/12
  3958 | D:4      | Killed Grinder
  3958 | D:4      | Reached skill level 7 in Conjurations
  4068 | D:5      | Entered Level 5 of the Dungeon
  4107 | D:5      | Reached XP level 8. HP: 42/48 MP: 14/14
  4414 | D:5      | Reached * piety under Vehumet
  4414 | D:5      | Offered knowledge of Sting by Vehumet.
  4714 | D:5      | Found Hiumotau's Book Boutique.
  4776 | D:5      | Found a glowing drain.
  4794 | Sewer    | Entered a sewer
  5009 | Sewer    | Reached ** piety under Vehumet
  5009 | Sewer    | Offered knowledge of Flame Tongue by Vehumet.
  5169 | Sewer    | Reached skill level 8 in Conjurations
  5545 | D:5      | Reached skill level 5 in Fighting
  5545 | D:5      | Reached skill level 5 in Spellcasting
  5926 | D:6      | Noticed a hippogriff
  6001 | D:6      | Offered knowledge of Stone Arrow by Vehumet.
  6087 | D:6      | Reached XP level 9. HP: 54/54 MP: 16/16
  6146 | D:6      | Reached *** piety under Vehumet
  6171 | D:6      | Reached skill level 9 in Conjurations
  6314 | D:6      | Offered knowledge of Olgreb's Toxic Radiance by Vehumet.
  6377 | D:6      | Got a jewelled spear
  6612 | D:6      | Found a staircase to the Ecumenical Temple.
  7078 | D:7      | Noticed Joseph
  7109 | D:7      | Killed Joseph
  7109 | D:7      | Reached skill level 1 in Armour
  7109 | D:7      | Reached skill level 5 in Dodging
  7368 | D:8      | Identified the cursed +1 spear "Vurit" {venom, +Fly Dex+3
                  | Stlth+} (You found it on level 6 of the Dungeon)
  7401 | D:8      | Noticed Psyche
  7427 | D:8      | Paralysed by Psyche for 4 turns
  7433 | D:8      | Killed Psyche
  7433 | D:8      | Reached skill level 10 in Conjurations
  7433 | D:8      | Reached XP level 10. HP: 39/61 MP: 16/19
  7486 | D:8      | Found Esusoac's Antique Weapon Shoppe.
  7497 | D:8      | Bought an ichor-stained scimitar for 270 gold pieces
  7578 | D:8      | Found a glowing silver altar of Zin.
  7679 | D:8      | Identified the +6 scimitar of the Blind Eye {slice, MR+
                  | Stlth+} (You bought it in a shop on level 8 of the Dungeon)
  7818 | D:8      | Found an iron altar of Okawaru.
  7900 | D:9      | Noticed Erolcha
  8271 | D:9      | Noticed Gastronok
  8289 | D:9      | Killed Gastronok
  8289 | D:9      | Reached skill level 11 in Conjurations
  8599 | D:9      | Reached **** piety under Vehumet
  9096 | D:9      | Found a shattered altar of Ashenzari.
  9117 | D:9      | Offered knowledge of Venom Bolt by Vehumet.
  9123 | D:9      | Learned a level 4 spell: Fulminant Prism
  9166 | D:10     | Entered Level 10 of the Dungeon
  9216 | D:10     | Reached XP level 11. HP: 62/68 MP: 21/21
  9265 | D:10     | Reached skill level 5 in Armour
  9267 | D:10     | Reached skill level 1 in Hexes
  9451 | D:10     | Reached skill level 12 in Conjurations
  9592 | D:10     | Found Xuacrius's Assorted Antiques.
  9607 | D:10     | Bought a viscous purple potion for 29 gold pieces
  9626 | D:10     | Found Ygixzam's Gadget Shop.
  9633 | D:10     | Found Ownimp's Gadget Shop.
  9654 | D:10     | Found Estrawk's Armour Shop.
  9680 | D:10     | Noticed a deep elf mage
  9688 | D:10     | Killed a deep elf mage
  9788 | D:10     | Found Volemagguixt's Distillery.
  9797 | D:10     | Bought a potion of heal wounds for 80 gold pieces
  9797 | D:10     | Bought 2 potions of agility for 128 gold pieces
  9920 | D:10     | Found an iron altar of Okawaru.
  9988 | D:10     | Found a staircase to the Lair.
 10042 | D:11     | Noticed a two-headed ogre
 10084 | D:11     | Noticed a deep elf mage
 10102 | D:10     | Killed from afar by a deep elf mage

Vault maps used:
D:1:      psy_arrival_radial02
D:2:      tso_altar
D:3:      columned_hall_lemuel, supply_closet_lemuel,
          nicolae_ru_sacrificial_ziggurat
D:4:      gammafunk_temple_overflow_forgotten, uniq_grinder
D:5:      portal_sewer_entry_a, serial_shops, shop, first_ration,
          kennysheep_small_circle
D:6:      minmay_temple_entry_crystal_x
D:7:      serial_glass, glass_columns_a, glass_columns_b, glass_columns_b,
          glass_columns_c, uniq_joseph
D:8:      okawaru_ov_weapons_minmay, zin_statuary, serial_shops, shop,
          uniq_psyche
D:9:      ashenzari_altar_1, uniq_gastronok, uniq_erolcha
D:10:     grunt_lair_entry_orc_guard_hut, serial_shops, shop,
          nicolae_shop_behind_doors, nicolae_shop_behind_doors, shop_fountains,
          shop, basic_altar
Sewer:    sewer_minmay_w

Skill      XL: |  1  2  3  4  5  6  7  8  9 10 11 |
---------------+----------------------------------+-----
Fighting       | 1 2 3 4 5 6 7 8 |  8.7
Dodging        | 2 3 4 5 |  5.0
Spellcasting   | 3 4 5 6 7 |  7.8
Conjurations   | 5 6 7 8 10 11 12 | 12.0
Armour         | 2 4 6 |  6.1
Hexes          | 2 |  2.8
Stealth        | |  2.1

Action                   |  1- 3 |  4- 6 |  7- 9 | 10-12 || total
-------------------------+-------+-------+-------+-------++-------
Melee: Club              |     4 |       |       |       ||     4
       Unarmed           |     1 |       |       |       ||     1
       Whip              |    21 |    25 |   308 |    15 ||   369
       War axe           |       |    45 |     7 |       ||    52
       Morningstar       |       |       |    54 |       ||    54
       Scimitar          |       |       |       |   145 ||   145
 Cast: Magic Dart        |    60 |   108 |   181 |    72 ||   421
       Searing Ray       |       |     2 |    15 |    11 ||    28
       Fulminant Prism   |       |       |       |    12 ||    12
  Use: Scroll            |       |     5 |    10 |     5 ||    20
       Potion            |       |       |     1 |     2 ||     3
  Eat: Chunk             |     2 |     6 |    10 |    11 ||    29
       Ration            |       |       |     2 |       ||     2
Armor: Ring mail         |    11 |    47 |       |       ||    58
       Robe              |     1 |       |       |       ||     1
       Scale mail        |       |    13 |   380 |       ||   393
       Chain mail        |       |       |    31 |   131 ||   162
Dodge: Dodged            |    22 |    41 |   311 |    90 ||   464
       Rpst.: Scimitar   |       |       |       |    27 ||    27

Table legend:
 A = Non-vault XP
 B = Vault XP
 C = Vault XP percentage of total XP
 D = Non-vault monster count
 E = Vault monster count
 F = Vault count percentage of total count
                 A         B        C        D         E       F
            +---------+---------+-------+---------+---------+-------
      Total |   10139 |    3975 |  28.2 |     223 |      64 |  22.3
            +---------+---------+-------+---------+---------+-------
        D:1 |      53 |       0 |   0.0 |      26 |       0 |   0.0
        D:2 |      55 |       0 |   0.0 |      13 |       0 |   0.0
        D:3 |     112 |       0 |   0.0 |      27 |       0 |   0.0
        D:4 |     812 |     286 |  26.0 |      37 |       1 |   2.6
        D:5 |     487 |      35 |   6.7 |      15 |       8 |  34.8
        D:6 |    1398 |       0 |   0.0 |      39 |       0 |   0.0
        D:7 |     162 |     412 |  71.8 |       5 |       1 |  16.7
        D:8 |     377 |     410 |  52.1 |       6 |       1 |  14.3
        D:9 |    2148 |    2057 |  48.9 |      28 |       1 |   3.4
       D:10 |    3717 |     492 |  11.7 |      22 |       4 |  15.4
       D:11 |     818 |       0 |   0.0 |       5 |       0 |   0.0
      Sewer |       0 |     283 | 100.0 |       0 |      48 | 100.0
            +---------+---------+-------+---------+---------+-------
